 Dungeon Crawl Stone Soup version 0.28-a0-32-g8dfe7f97f6 (webtiles) character file.

Game seed: 7717533197458835833

49 freelancePsychic the Magician (level 3, -1/27 HPs)
             Began as a Demonspawn Hedge Wizard on July 28, 2021.
             Slain by Sigmund (6 damage)
             ... on level 2 of the Dungeon.
             The game lasted 00:04:54 (1550 turns).

freelancePsychic the Magician (DsWz)                Turns: 1550, Time: 00:04:55

Health: -1/27      AC:  6    Str:  9 (11) XL:     3   Next: 51%
Magic:  7/7        EV: 10    Int: 14 (15) God:
Gold:   31         SH:  0    Dex:  9 (12) Spells: 7/8 levels left

rFire   . . .      SeeInvis .   g - +2 short sword (venom)
rCold   . . .      Faith    .   (no shield)
rNeg    . . .      Spirit   .   m - +0 ring mail
rPois   .          Reflect  .   c - +0 hat
rElec   .          Harm     .   (no cloak)
rCorr   .          Rampage  .   l - +0 pair of gloves
Will    .....                   (no boots)
Stlth   +.........              (no amulet)
HPRegen 0.09/turn               (no ring)
MPRegen 0.10/turn               (no ring)

@: no status effects
A: horns 1, demonic guardian 1
a: no special abilities


You were on level 2 of the Dungeon.
You visited 1 branch of the dungeon, and saw 2 of its levels.

You collected 31 gold pieces.

Inventory:

Hand Weapons
 a - a +0 dagger
 d - a +0 hunting sling
 g - a +2 short sword of venom (weapon)
Armour
 b - a +0 robe
 c - a +0 hat (worn)
 l - a +0 pair of gloves (worn)
 m - a +0 ring mail (worn)
Scrolls
 j - a scroll of teleportation {unknown}
Potions
 e - a potion of heal wounds {unknown}
 f - a potion of degeneration
 h - a potion of lignification {unknown}
 k - a potion of curing {unknown}


   Skills:
 + Level 2.1 Fighting
 + Level 1.2 Short Blades
 - Level 1.7 Dodging
 - Level 1.7 Stealth
 - Level 3.0 Spellcasting
 - Level 1.8 Conjurations
 - Level 1.0 Summonings
 - Level 0.8 Translocations


You had 7 spell levels left.
You knew the following spells:

 Your Spells              Type           Power      Damage    Failure   Level
a - Magic Dart            Conj           28%        1d4       28%         1

Your spell library contained the following spells:

 Spells                   Type           Power      Damage    Failure   Level
 Call Imp                 Summ           4%         N/A       52%         2
 Blink                    Tloc           N/A        N/A       54%         2
 Slow                     Hex            2%         N/A       65%         2
 Conjure Flame            Conj/Fire      4%         6-21      77%         3
 Mephitic Cloud           Conj/Pois/Air  3%         N/A       80%         3


Dungeon Overview and Level Annotations

Branches:
Dungeon (2/15)

Altars:

Shops:
D:1 [(*   D:2 (

Annotations:
D:2 Robin, Sigmund


Innate Abilities, Weirdness & Mutations

You have a pair of small horns on your head.
A weak demonic guardian rushes to your aid.


Message History

You climb downwards.
Level annotation: Robin, Sigmund
There is a stone staircase leading up here.
Press: ? - help, v - describe, . - travel
Here: Robin, wielding a +2 short sword of holy wrath, wearing a +0 animal skin and wearing a +0 helmet The floor.
Robin roars a battlecry!
The goblins go into a battle-frenzy!
You climb upwards.
There is a stone staircase leading down here.
There is a stone staircase leading down here.
You climb downwards.
Level annotation: Robin, Sigmund Sigmund shouts!
The endoplasm quivers.
Sigmund gestures at you while chanting.
You are confused.
There is a stone staircase leading up here.
Sigmund gestures at you while chanting. You resist with significant effort.
In your confused state, you trip and fall back down the stairs.
Sigmund closely misses you. Sigmund hits you with a +0 scythe!
A demonic guardian appears!
The endoplasm jiggles.
In your confused state, you trip and fall back down the stairs.
Sigmund closely misses you. The endoplasm freezes you.
You are frozen.
It was a potion of degeneration.
There was something very wrong with that liquid.
You feel weakened.
You feel dopey.
You feel clumsy.
You feel less confused.
Your quasit misses Sigmund.
Your quasit barely misses Sigmund.
Your quasit closely misses Sigmund.
Sigmund hits you with a +0 scythe!
* * * LOW HITPOINT WARNING * * *
The goblin misses your quasit. The endoplasm closely misses you.
Your quasit bites Sigmund.
Your quasit barely misses Sigmund.
Your quasit closely misses Sigmund.
Sigmund hits you from afar with a +0 scythe.
You die...

#..#..)#.)g.....#
#........).######
#.♣..#####.#
#.....)..#.# #
#♣∩♣##...#.#
.#.#.....g..#.#
.....♣...5@.#.#
....#....<..#.#
..........@J#.#.#
..!.........#.#
..#.#.........#
.#)#.#......###
#_#.......#
.#.#.......
.#........# #####
.......... .....


You could see Sigmund (ally target), an endoplasm, a goblin and a friendly
quasit (summoned).

Vanquished Creatures
  An adder (D:2)
  2 dart slugs (D:1)
  6 ball pythons
  2 endoplasms (D:1)
  A giant cockroach (D:1)
  5 goblins
  2 hobgoblins
  3 jackals (D:1)
  A quokka (D:1)
  A bat (D:1)
  3 frilled lizards
  3 kobolds
  3 rats
33 creatures vanquished.

Vanquished Creatures (collateral kills)
  2 goblins (D:2)
2 creatures vanquished.

Vanquished Creatures (others)
  A hobgoblin (D:2)
1 creature vanquished.

Grand Total: 36 creatures vanquished

Notes
Turn   | Place    | Note
-------+----------+-------------------------------------------
     0 | D:1      | freelancePsychic the Demonspawn Hedge Wizard began the
                  | quest for the Orb.
     0 | D:1      | Reached XP level 1. HP: 13/13 MP: 4/4
   501 | D:1      | Reached skill level 1 in Fighting
   501 | D:1      | Gained mutation: You have a pair of small horns on your
                  | head. [demonic ancestry]
   501 | D:1      | Reached XP level 2. HP: 21/21 MP: 3/6
   616 | D:1      | Found Geef's General Store.
   814 | D:1      | Found Xeaboadgho's Weapon Boutique.
   826 | D:1      | Found Vivvom Hipn's Antique Armour Boutique.
  1139 | D:2      | Gained mutation: A weak demonic guardian rushes to your
                  | aid. [demonic ancestry]
  1139 | D:2      | Reached XP level 3. HP: 27/27 MP: 7/7
  1146 | D:2      | Reached skill level 1 in Short Blades
  1181 | D:2      | Found Meuhi's Antique Weapon Boutique.
  1195 | D:2      | Found a faded altar of an unknown god.
  1196 | D:2      | Noticed Robin
  1237 | D:2      | Noticed Sigmund
  1550 | D:2      | Slain by Sigmund

Illustrated notes

Levels and vault maps discovered:
D:1:      wander_arrival_fairy_ring, layout_rooms, serial_shops, shop,
          nicolae_diamond_shop, nicolae_shop_trees,
          chequers_serial_rivers_micro_e, minmay_misc_feat_encased
D:2:      layout_basic, chequers_ecumenical_altar_simple_redux, serial_shops,
          shop_statue, shop, shop, nicolae_shop_trees, uniq_terence, uniq_robin,
          uniq_sigmund

Skill      XL: |  1  2  3 |
---------------+----------+-----
Fighting       | 1 2 |  2.1
Short Blades   | 1 |  1.2
Dodging        | |  1.7
Stealth        | |  1.7
Spellcasting   | |  3.0
Conjurations   | |  1.8
Summonings     | |  1.0
Translocations | |  0.8

Action                   || total
-------------------------++-------
Melee: Dagger            ||    14
       Short sword       ||    41
       Headbutt          ||     8
 Cast: Magic Dart        ||    29
  Use: Potion            ||     3
       Scroll            ||     1
 Stab: Sleeping          ||     3
Armor: Robe              ||    10
       Ring mail         ||     7
Dodge: Dodged            ||    50

Table legend: (Time is in decaauts)
 A = Elapsed time spent in this place.
 B = Non-inter-level travel time spent in this place.
 C = Inter-level travel time spent in this place.
 D = Time resting spent in this place.
 E = Time spent auto-exploring this place.
 F = Levels seen in this place.
 G = Mean time per level.
                   A        B        C        D        E       F      G
               +--------+--------+--------+--------+--------+-----+--------+
         Total |   1516 |   1474 |     42 |    692 |    453 |   2 |  758.0 |
       Dungeon |   1516 |   1474 |     42 |    692 |    453 |   2 |  758.0 |
               +--------+--------+--------+--------+--------+-----+--------+

Top non-repeatable levels by time:
     D:1: 1354 daAuts
     D:2: 162 daAuts
